 Dungeon Sprint DCSS version 0.22-a0-157-g169b76a (webtiles) character file.

1640 KristoblXynda the Covert (level 8, -4/39 HPs)
             Began as a Spriggan Enchanter on Feb 8, 2018.
             Was an Initiate of Cheibriados.
             Shot with an arrow by a centaur warrior (14 damage)
             ... in the Dungeon (Sprint I: "Red Sonja").
             The game lasted 00:03:14 (646 turns).

KristoblXynda the Covert (Spriggan Enchanter)        Turns: 646, Time: 00:03:15

Health: -4/39      AC:  3    Str:  6    XL:     8   Next: 66%
Magic:  24/24      EV: 26    Int: 19    God:    Cheibriados [......]
Gold:   753        SH:  0    Dex: 17    Spells: 23/29 levels left

rFire    . . .     SeeInvis +   a - +1 dagger
rCold    . . .     Gourm    .   (shield restricted)
rNeg     . . .     Faith    .   b - +0 robe
rPois    .         Spirit   .   (helmet restricted)
rElec    .         Reflect  .   g - +0 cloak
rCorr    .         Harm     .   (gloves unavailable)
MR       +....     NoTele   +   (boots unavailable)
Stlth    ++++++....             (no amulet)
HPRegen  0.13/turn              (no ring)
MPRegen  0.19/turn              (no ring)

@: quick
A: very small, unfitting armour, see invisible, herbivore, speed 3, slow
metabolism 2
a: Bend Time, Renounce Religion


You were in the Dungeon.
You worshipped Cheibriados.
Cheibriados was noncommittal.
You were not hungry.

You visited 1 branch You collected 753 gold pieces.

Inventory:

Hand Weapons
 a - a +1 dagger (weapon)
Armour
 b - a +0 robe (worn)
 g - a +0 cloak (worn)
Scrolls
 i - 2 scrolls of identify {unknown}
 j - a scroll of blinking
Potions
 e - 2 potions of curing
 f - a potion of heal wounds
 h - 2 potions of magic
Books
 c - a book of Maledictions

   Spells                             Type                      Level
   a - Corona                         Hexes                        1
   b - Ensorcelled Hibernation        Hexes/Ice                    2
   c - Confuse                        Hexes                        3
   d - Tukima's Dance                 Hexes                        3
   e - Dazzling Spray                 Conjuration/Hexes            3
Comestibles
 d - a ration


   Skills:
 + Level 2.4 Fighting
 + Level 8.6 Short Blades
 - Level 10.4 Dodging
 + Level 14.4 Stealth
 + Level 11.3 Spellcasting
 + Level 11.6 Hexes


You had 23 spell levels left.
You knew the following spells:

 Your Spells              Type           Power        Failure   Level  Hunger
a - Corona                Hex            ######.      1%          1    None
b - Ensorcelled Hibernat  Hex/Ice        ####..       1%          2    None
c - Confuse               Hex            ######..     1%          3    None


Dungeon Overview and Level Annotations

Branches:
Dungeon (1/1)

Altars:
Cheibriados
Dithmenos
Elyvilon
Fedhas
Gozag
Hepliaklqana
Kikubaaqudgha
Makhleb
Nemelex Xobeh
Okawaru
Qazlal
Ru
Sif Muna
Trog
Uskayaw
Vehumet
Wu Jian
Xom
Yredelemnul
Zin
The Shining One
Jiyva
Lugonu

Shops:
D (}[


Innate Abilities, Weirdness & Mutations

You are very small and have problems with some larger weapons.
You are too small for most types of armour.
You have supernaturally acute eyesight. (SInv)
You are a herbivore.
You cover ground extremely quickly.
You need consume almost no food.


Message History

You start resting.
HP restored.
You open the door.
Found 10 gold pieces and 55 arrows.
Found a leather armour.
There is an open door here.
You see here a leather armour.
You open the door.
You now have 753 gold pieces (gained 10).
Found a scroll labeled TIRHOI YDDOOSUODI and 9 gold pieces.
A centaur warrior comes into view.
A centaur warrior comes into view.
The centaur warrior shouts! x2
The centaur warrior wields a longbow.
The centaur warrior shoots an arrow.
The arrow hits you!!
Ouch! That really hurt!
* * * LOW HITPOINT WARNING * * *
The centaur warrior wields a shortbow.
The centaur warrior shoots an arrow.
The arrow hits you!
You die...

##################
<.#.)'..#.)'..#__#
..'..#.)'..#..'..+
..#####'#####'#__####
..####..#...#.####§§#
..#__####..##.#§§§§c#
..#_____##'#_.+§§≈§§+
⌠⌠#_.∩...'..._#§§≈.c#
###_..__##_!#'##@###
#_____###'#)#[.((###
###########.####'###.##
∩........'...'.....'.∩#
##++++####.).##########
###.### #.#'#.# #.....#
#.....#


You could see 2 centaur warriors.

Vanquished Creatures
  Sonja (D)
  A deep troll (D)
  A slime creature (D)
  Sigmund (D)
  A yak (D)
  An ogre (D)
  A jelly (D)
  Ijyb (D)
  3 ballistomycetes (D)
11 creatures vanquished.

Vanquished Creatures (others)
  2 ballistomycete spores (D)
2 creatures vanquished.

Grand Total: 13 creatures vanquished

Notes
Turn   | Place    | Note
-------+----------+-------------------------------------------
     0 | D        | KristoblXynda the Spriggan Enchanter began the quest for the Orb.
     0 | D        | Reached XP level 1. HP: 9/9 MP: 5/5
     2 | D        | Noticed Ijyb
    18 | D        | Killed Ijyb
    18 | D        | Reached skill level 6 in Stealth
    18 | D        | Reached skill level 5 in Hexes
    18 | D        | Reached XP level 2. HP: 13/13 MP: 5/8
    65 | D        | Learned a level 2 spell: Ensorcelled Hibernation
    69 | D        | Noticed an ogre
    72 | D        | Killed an ogre
    72 | D        | Reached skill level 9 in Stealth
    72 | D        | Reached XP level 3. HP: 15/16 MP: 9/12
    72 | D        | Reached XP level 4. HP: 20/21 MP: 9/13
    77 | D        | Learned a level 3 spell: Confuse
    85 | D        | Noticed Sigmund
    88 | D        | Killed Sigmund
    88 | D        | Reached skill level 10 in Stealth
    88 | D        | Reached XP level 5. HP: 24/24 MP: 10/16
    88 | D        | Reached XP level 6. HP: 28/28 MP: 11/18
   137 | D        | Found a burning altar of Makhleb.
   137 | D        | Found a viscous altar of Jiyva.
   137 | D        | Found a shimmering altar of Xom.
   137 | D        | Found a corrupted altar of Lugonu.
   137 | D        | Noticed a slime creature
   140 | D        | Killed a slime creature
   140 | D        | Reached skill level 5 in Short Blades
   140 | D        | Reached skill level 11 in Stealth
   143 | D        | Found an ornate altar of the Wu Jian Council.
   143 | D        | Found a deep blue altar of Sif Muna.
   145 | D        | Found a radiant altar of Vehumet.
   157 | D        | Reached skill level 12 in Stealth
   183 | D        | Found Siugep's Gadget Emporium.
   183 | D        | Found an ancient bone altar of Kikubaaqudgha.
   183 | D        | Found a hazy altar of Hepliaklqana.
   183 | D        | Found a hide-covered altar of Uskayaw.
   183 | D        | Found a basalt altar of Yredelemnul.
   183 | D        | Found an opulent altar of Gozag.
   183 | D        | Found a snail-covered altar of Cheibriados.
   183 | D        | Found a sacrificial altar of Ru.
   183 | D        | Found a shadowy altar of Dithmenos.
   183 | D        | Noticed a yak
   184 | D        | Found a stormy altar of Qazlal.
   184 | D        | Found a blossoming altar of Fedhas.
   184 | D        | Found a bloodstained altar of Trog.
   184 | D        | Found an iron altar of Okawaru.
   184 | D        | Found a glowing golden altar of the Shining One.
   184 | D        | Found a glowing silver altar of Zin.
   184 | D        | Found a white marble altar of Elyvilon.
   185 | D        | Killed a yak
   185 | D        | Reached skill level 10 in Hexes
   185 | D        | Reached XP level 7. HP: 29/32 MP: 19/21
   186 | D        | Found a sparkling altar of Nemelex Xobeh.
   193 | D        | Became a worshipper of Cheibriados the Contemplative
   203 | D        | Noticed Sonja
   207 | D        | Killed Sonja
   207 | D        | Reached skill level 10 in Dodging
   207 | D        | Reached skill level 13 in Stealth
   207 | D        | Reached skill level 10 in Spellcasting
   207 | D        | Reached XP level 8. HP: 35/36 MP: 21/23
   221 | D        | Found Luki's Weapon Boutique.
   501 | D        | Noticed a deep troll
   507 | D        | Killed a deep troll
   507 | D        | Reached skill level 14 in Stealth
   518 | D        | Found Adev's Armour Emporium.
   646 | D        | Noticed a centaur warrior
   646 | D        | Noticed a centaur warrior
   646 | D        | Shot with an arrow by a centaur warrior

Vault maps used:
D:        dungeon_sprint_1

Skill      XL: |  1  2  3  4  5  6  7  8 |
---------------+-------------------------+-----
Stealth        | 6 9 10 12 13 14 | 14.4
Spellcasting   | 4 6 8 9 10 11 | 11.3
Hexes          | 5 7 8 10 11 | 11.6
Short Blades   | 4 6 7 8 |  8.6
Dodging        | 6 8 10 | 10.4
Fighting       | 2 |  2.4

Action                   |  1- 3 |  4- 6 |  7- 9 || total
-------------------------+-------+-------+-------++-------
Melee: Dagger            |    15 |     6 |    49 ||    70
 Cast: Ensorcelled Hiber |       |     2 |     2 ||     4
  Use: Potion            |     1 |       |     1 ||     2
 Stab: Sleeping          |     1 |     4 |     2 ||     7
Armor: Robe              |     1 |     1 |       ||     2
Dodge: Dodged            |     7 |     2 |     4 ||    13

Table legend:
 A = Spawn XP
 B = Non-spawn XP
 C = Spawn XP percentage of total XP
 D = Spawn monster count
 E = Non-spawn monster count
 F = Spawn count percentage of total count
 G = Total turns spent on level
                    A         B        C        D         E        F      G
               +---------+---------+-------+---------+---------+-------+---------
         Total |       0 |    2343 |   0.0 |       0 |       8 |   0.0 |   646
               +---------+---------+-------+---------+---------+-------+---------
             D |       0 |    2343 |   0.0 |       0 |       8 |   0.0 |   646
               +---------+---------+-------+---------+---------+-------+---------
